 Dungeon Crawl Stone Soup version 0.14.0-7-g2801ba0 (webtiles) character file.

165042 Leibowitz the Unseen (level 18, -2/81 HPs)
             Began as a Kobold Assassin on Apr 12, 2014.
             Was an Elder of Okawaru.
             Killed from afar by a starcursed mass (6 damage)
             ... with an accursed screaming
             ... on Level 1 of the Abyss on Apr 13, 2014.
             The game lasted 05:15:57 (45468 turns).

Leibowitz the Unseen (Kobold Assassin)             Turns: 45468, Time: 05:15:57

HP  -2/81        AC  8     Str 13      XL: 18   Next: 42%
MP  20/20        EV 35     Int  9      God: Okawaru [****..]
Gold 3398        SH 19     Dex 25      Spells:  4 memorised, 15 levels left

rFire  + + +     SeeInvis +     a - +4,+9 short sword of Prudence {elec, Dex+3}
rCold  + . .     Rnd*Rage +     x - +2 robe {rF+}
rNeg   + . .     Conserve +     m - +0 buckler
rPois  .         rCorr    +     j - +0 helmet
rElec  .         rRot     .     Y - +0 cloak {rCorr, Cons}
SustAb . .       Spirit   .     v - +0 pair of gloves of Failure {rN+ Dam+3 Curse}
rMut   +         Warding  .     E - +0 pair of boots
Saprov + + .     Stasis   .     R - amulet of resist mutation
MR     +....                    K - ring of see invisible
                                S - ring "Moagoif" {+Fly rF+ rC+ Stlth--}

@: somewhat resistant to hostile enchantments, extraordinarily stealthy
A: disease resistance, berserk 1, blink 1, blurry vision 2, carnivore 3,
deformed body, deterioration 2, fire resistance 1, fast metabolism 1, frail 3,
low mp 1, regeneration 1, saprovore 2, screaming 2, slow healing 1, slow
metabolism 1
a: Blink, Heroism, Renounce Religion, Evoke Flight


You were on level 1 of the Abyss.
You worshipped Okawaru.
Okawaru was greatly pleased with you.
You were not hungry.

You visited 8 branches of the dungeon, and saw 36 of its levels.
You visited the Abyss 1 time.
You also visited: Labyrinth, Sewer, Bailey and Ice Cave.

You collected 3662 gold pieces.
You spent 264 gold pieces at shops.

Inventory:

Hand weapons
 a - the +4,+9 short sword of Prudence (weapon) {elec, Dex+3}
   (Okawaru gifted it to you on level 8 of the Lair of Beasts)

   Occasionally, upon striking a foe, it will discharge some electrical energy
   and cause terrible harm.
   It affects your dexterity (+3).
 b - a +0 blowgun
 c - a +0,+0 short sword of flaming
 q - a +0,+0 dagger of venom
 z - the +2,+8 short sword of Floods {freeze, +Blink rC+ Int+3 SInv}
   (Okawaru gifted it to you on level 14 of the Dungeon)

   It has been specially enchanted to freeze those struck by it, causing extra
   injury to most foes and up to double damage against particularly susceptible
   opponents.
   It can also slow down cold-blooded creatures.
   It affects your intelligence (+3).
   It protects you from cold.
   It enhances your eyesight.
   It lets you blink.
 G - a +4,+0 short sword of draining
 V - a +2,+2 dagger of venom
Missiles
 e - 33 poisoned needles
 f - a curare-tipped needle
 i - 8 needles of paralysis
 Q - 5 needles of confusion
Armour
 j - a +0 helmet (worn)
 m - a +0 buckler (worn)
 v - the +0 pair of gloves of Failure (worn) {rN+ Dam+3 Curse}
   (Okawaru gifted it to you on level 13 of the Dungeon)

   It affects your damage with ranged weapons and melee attacks (+3).
   It protects you from negative energy.
   It may recurse itself when equipped.
 x - a +2 robe of fire resistance (worn)
 E - a +0 pair of boots (worn)
 T - the +3 leather armour of the Other Side {rC+}
   (You found it on level 6 of the Lair of Beasts)

   It protects you from cold.
 Y - a +0 cloak of preservation (worn)
Magical devices
 w - a wand of teleportation (4)
 F - a wand of polymorph (16)
 P - a wand of disintegration (10)
 U - a wand of fire (4)
Comestibles
 l - a meat ration
Scrolls
 g - a scroll of vulnerability
 n - a scroll of fog
 r - 6 scrolls of recharging
 t - 10 scrolls of identify
 y - 6 scrolls of remove curse
 C - a scroll of enchant armour
 J - a scroll of holy word
 L - 6 scrolls of magic mapping
 M - 3 scrolls of teleportation
 N - 3 scrolls of blinking
 W - a scroll of fear
Jewellery
 d - an uncursed amulet of faith
 h - an uncursed ring of magical power
 k - an uncursed amulet of resist corrosion
 o - an uncursed ring of protection from cold
 D - an uncursed ring of regeneration
 H - the amulet of the Air {Inacc +Fly rElec EV+5 RMsl}
   (You found it on level 4 of the Lair of Beasts)

   [amulet of inaccuracy]

   It affects your evasion (+5).
   It insulates you from electricity.
   It lets you fly.
   It protects you from missiles.
 I - an uncursed amulet of rage
 K - a ring of see invisible (right hand)
 R - an amulet of resist mutation (around neck)
 S - the ring "Moagoif" (left hand) {+Fly rF+ rC+ Stlth--}
   (You found it on level 3 of the Shoals)

   [ring of protection from cold]

   It protects you from fire.
   It lets you fly.
   It makes you much less stealthy.
 X - a +5 ring of intelligence
 Z - an uncursed ring of teleportation
Potions
 p - a potion of agility
 s - 2 potions of flight
 u - 3 potions of resistance
 A - 7 potions of curing
 B - 2 potions of might
 O - a potion of restore abilities


   Skills:
 * Level 13.8 Fighting
 + Level 15.3 Short Blades
   Level 0.8 Long Blades
 - Level 2.6 Throwing
 + Level 4.6 Armour
 + Level 18.0 Dodging
 * Level 19.6 Stealth
 + Level 11.0 Shields
 - Level 0.2 Unarmed Combat
 + Level 2.1 Spellcasting
 + Level 3.1 Hexes
 + Level 1.4 Charms
 + Level 0.4 Ice Magic
 + Level 3.4 Invocations
 + Level 3.4 Evocations


You had 15 spell levels left.
You knew the following spells:

 Your Spells              Type           Power        Failure   Level  Hunger
a - Corona                Hex            #......      12%         1    ##.....
b - Ensorcelled Hibernat  Hex/Ice        #.....       28%         2    ###....
c - Sure Blade            Hex/Chrm       #.........   21%         2    ###....
d - Infusion              Chrm           #.....       17%         1    ##.....


Dungeon Overview and Level Annotations

Branches:
Dungeon (15/15)            Temple (1/1) D:6             Orc (4/4) D:11
    Elf (1/3) Orc:4          Lair (8/8) D:11         Shoals (5/5) Lair:3
  Snake (1/5) Lair:5        Slime (0/6) Lair:6       Vaults (0/5) D:13
 Depths (1/5) D:15

Altars:
Ashenzari
Cheibriados
Dithmenos
Elyvilon
Fedhas
Kikubaaqudgha
Makhleb
Nemelex Xobeh
Okawaru
Sif Muna
Trog
Vehumet
Xom
Yredelemnul
Zin
The Shining One

Shops:
Orc:1 *([*   Orc:4 =?(!

Portals:
Trove: D:11 (give 2 scrolls of acquirement)

Annotations:
D:11 exclusion: guardian mummy
Lair:6 exclusion: door
Shoals:5 Ilsuiw


Innate Abilities, Weirdness & Mutations

You recuperate from illness quickly.
You are small and have problems with some larger weapons.
You are carnivorous and can eat meat at any time.
You can eat rotten meat.
You can translocate small distances at will.
Your flesh is heat resistant.
Your natural rate of healing is unusually fast.
You have a slow metabolism.
[You tend to lose your temper in combat.]
[Your vision is quite blurry.]
[Armour fits poorly on your strangely shaped body.]
[Your body is deteriorating.]
[You have a fast metabolism.]
[You are extremely frail (-30% HP).]
[Your magical capacity is low (-10% MP).]
[You sometimes yell uncontrollably.]
[You heal slowly when monsters are visible.]


Message History

* * * LOW HITPOINT WARNING * * *
A chorus of shrieks assaults your mind.
* * * LOW HITPOINT WARNING * * *
Drink which item? (? for menu, Esc to quit)
You feel better.
The wretched star pulses with an eldritch light!
A starcursed mass splits.
The wretched star glows turbulently.
The orb of energy misses you.
A starcursed mass splits.
A starcursed mass splits. x2
The starcursed mass completely misses you.
A starcursed mass splits.
Found 39 gold pieces.
A deafening chorus of shrieks assaults your mind!
* * * LOW HITPOINT WARNING * * *
The wretched star pulses with an eldritch light!
Your vision blurs.
You feel frail.
You feel a little hungry.
A reaper comes into view. It is wielding a runed scythe.
A chorus of shrieks assaults your mind.
You die...

##..##.X##..##..##
?.......XX.........
...................
##..##.X##..##..##
##..##..##.X##..##
...................
...................
##..##..##. ##..##
#.@##..# . #
.................$
..............2
##..##..##..##. #..
#..##..# .. ....
.... #.## # .#


You could see 4 starcursed masses and a reaper (wandering).

Vanquished Creatures
  A tentacled starspawn (Abyss:1)
  A frost giant (IceCv)
  An orc warlord (Orc:4)
  Snorg (Orc:2)
  A blizzard demon (Abyss:1)
  2 merfolk javelineers
  A minotaur (Lab)
  Josephine (D:14)
  3 sirens
  3 merfolk impalers
  A vault guard (D:13)
  Fannar (Orc:4)
  Harold (D:13)
  9 hydras
  3 ogre magi
  2 tengu warriors
  2 merfolk aquamancers
  5 death yaks
  5 orc high priests (Orc:4)
  5 centaur warriors
  2 satyrs
  Urug (Orc:2)
  A thrashing horror (Abyss:1)
  A deep elf knight (Elf:1)
  An anaconda zombie (Abyss:1)
  3 large abominations (Abyss:1)
  6 sea snakes
  A shadow wraith (Abyss:1)
  An ice statue (IceCv)
  5 orc knights (Orc:4)
  An unseen horror (D:13)
  An anaconda skeleton (Abyss:1)
  2 orc sorcerers
  6 hill giants
  3 deep elf conjurers
  Joseph (Lair:1)
  6 water nymphs
  5 wizards
  17 harpies
  A necromancer (D:13)
  3 cyclopes
  11 manticores
  6 fauns
  5 mermaids
  A naga mage (D:15)
  8 griffons
  10 black mambas
  5 elephants (Lair:6)
  Psyche (Orc:3)
  A kobold demonologist (D:10)
  7 spiny frogs
  A feature mimic (D:13)
  A spiny frog (shapeshifter) (D:15)
  An efreet (D:10)
  2 yaktaurs
  A tengu conjurer (D:14)
  A queen bee (Lair:3)
  6 trolls
  A red devil (Abyss:1)
  8 komodo dragons
  A spriggan druid (Lair:8)
  4 two-headed ogres
  31 merfolk
  2 deep elf priests (Elf:1)
  A wind drake (Shoals:2)
  16 polar bears (IceCv)
  6 slime creatures (D:13)
  Prince Ribbit (D:5)
  10 giant fireflies (Lair:8)
  11 snapping turtles
  A boulder beetle (Lair:6)
  3 boggarts (D:14)
  2 raiju (Abyss:1)
  4 ravens
  3 blink frogs (Lair:5)
  A wolf spider simulacrum (D:14)
  4 basilisks
  4 grizzly bears
  3 shadows
  14 spriggans (Lair:8)
  A yak (shapeshifter) (D:14)
  A trapdoor spider (D:13)
  2 ynoxinuls (Abyss:1)
  An air elemental (Abyss:1)
  3 wyverns
  4 sharks
  2 elephant slugs
  2 griffon skeletons
  4 water elementals
  3 hungry ghosts
  14 ugly things
  4 wraiths
  3 deep elf magi
  34 yaks
  19 humans (D:13)
  A golden eye (Abyss:1)
  Grum (D:13)
  A fire bat (Abyss:1)
  A deep elf fighter (Elf:1)
  14 hippogriffs
  A soldier ant (D:13)
  8 vampire mosquitoes
  A steam dragon (D:14)
  2 hill giant skeletons
  18 water moccasins
  49 wolves
  2 centaur simulacra
  A neqoxec (Abyss:1)
  2 chaos spawn (Abyss:1)
  A necrophage (D:13)
  2 wargs
  3 mottled dragons
  6 porcupines
  4 small abominations (Abyss:1)
  6 phantoms
  3 giant goldfish
  7 black bears (Lair:8)
  3 yellow wasps
  7 ice beasts
  5 sky beasts
  21 ogres
  16 centaurs
  29 orc warriors
  15 crocodiles
  A boring beetle (Lair:4)
  14 giant slugs
  21 big kobolds
  18 giant frogs
  2 komodo dragon zombies
  A cyclops zombie (D:14)
  A gnoll sergeant (D:10)
  5 scorpions
  3 troll zombies
  2 eyes of draining
  37 killer bees
  2 troll skeletons
  13 wights
  10 crimson imps
  3 goliath beetles
  4 electric eels (D:13)
  A black bear zombie (D:7)
  12 hounds
  32 orc priests
  A gnoll shaman (D:6)
  4 jellies
  3 giant frog skeletons
  8 iguanas
  A quasit (D:11)
  An elf skeleton (D:12)
  Natasha (D:6)
  26 orc wizards
  3 orange rats (D:14)
  13 worker ants
  31 sheep
  5 ogre zombies
  A hound zombie (D:11)
  A hound skeleton (D:4)
  19 adders
  12 green rats
  22 gnolls
  A scorpion zombie (D:10)
  2 giant mites (Sewer)
  3 shadow imps
  12 white imps (Lair:3)
  12 worms
  4 ufetubi (Abyss:1)
  An iguana skeleton (D:4)
  4 giant eyeballs
  13 giant geckos
  7 oozes
  165 orcs
  2 giant cockroaches
  27 goblins
  39 hobgoblins
  9 jackals
  15 quokkas
  9 ball pythons
  31 bats
  9 giant newts
  A giant spore (D:9)
  2 goblin zombies (D:11)
  A hobgoblin skeleton (D:11)
  5 hobgoblin zombies (D:11)
  75 kobolds
  4 orc skeletons
  12 orc zombies
  A quokka zombie (D:7)
  38 rats
  A ballistomycete (D:9)
  A plant (Shoals:1)
  2 starspawn tentacles (Abyss:1)
1485 creatures vanquished.

Vanquished Creatures (others)
  3 drowned souls
  A polar bear (IceCv)
  A yak (IceCv)
  4 wolves (IceCv)
  An electric eel (Lair:4)
  A crimson imp (D:5)
  A lurking horror (Abyss:1)
  2 fungi
  4 plants
  2 starspawn tentacles (Abyss:1)
  A starspawn tentacle segment (Abyss:1)
21 creatures vanquished.

Grand Total: 1506 creatures vanquished

Notes
Turn   | Place    | Note
--------------------------------------------------------------
     0 | D:1      | Leibowitz, the Kobold Assassin, began the quest for the Orb.
     0 | D:1      | Reached XP level 1. HP: 12/12 MP: 1/1
   157 | D:1      | Reached XP level 2. HP: 8/17 MP: 2/2
   535 | D:1      | Reached skill level 6 in Stealth
   535 | D:1      | Reached XP level 3. HP: 20/22 MP: 3/3
  1375 | D:2      | Reached XP level 4. HP: 25/27 MP: 4/4
  1479 | D:2      | Found a deep blue altar of Sif Muna.
  1518 | D:2      | Found an iron altar of Okawaru.
  1519 | D:2      | Found a bloodstained altar of Trog.
  1532 | D:2      | Became a worshipper of Warmaster Okawaru
  1802 | D:3      | Gained mutation: [You have a fast metabolism.] [potion of mutation]
  1802 | D:3      | Gained mutation: You are partially covered in thin metallic scales (AC +2). [potion of mutation]
  1802 | D:3      | Gained mutation: You have sharp toenails. [potion of mutation]
  2106 | D:3      | Noticed a phantom
  2109 | D:3      | Killed a phantom
  2109 | D:3      | Reached XP level 5. HP: 32/32 MP: 5/5
  2444 | D:3      | Reached XP level 6. HP: 36/36 MP: 6/6
  2668 | D:4      | Reached skill level 5 in Dodging
  2668 | D:4      | Reached skill level 7 in Stealth
  2673 | D:4      | Acquired Okawaru's first power
  2923 | D:4      | Reached XP level 7. HP: 38/41 MP: 7/7
  3913 | D:5      | Entered Level 5 of the Dungeon
  3984 | D:5      | Reached XP level 8. HP: 48/48 MP: 8/8
  4153 | D:5      | Reached skill level 5 in Short Blades
  4172 | D:5      | Reached skill level 8 in Stealth
  4447 | D:5      | Found a glowing silver altar of Zin.
  4485 | D:5      | Lost mutation: [You have a fast metabolism.] [potion of cure mutation]
  4485 | D:5      | Lost mutation: You have sharp toenails. [potion of cure mutation]
  4485 | D:5      | Lost mutation: You are partially covered in thin metallic scales (AC +2). [potion of cure mutation]
  4582 | D:5      | Noticed Prince Ribbit
  4725 | D:5      | Killed Prince Ribbit
  5131 | D:6      | Found a glowing drain.
  5188 | Sewer    | Entered a sewer
  5202 | Sewer    | Reached skill level 1 in Invocations
  6506 | D:6      | Learned a level 1 spell: Corona
  6509 | D:6      | Learned a level 2 spell: Ensorcelled Hibernation
  6512 | D:6      | Learned a level 2 spell: Sure Blade
  6621 | D:6      | Reached XP level 9. HP: 52/52 MP: 10/10
  6673 | D:6      | Reached skill level 1 in Shields
  6755 | D:6      | Found a staircase to the Ecumenical Temple.
  6767 | Temple   | Entered the Ecumenical Temple
  7053 | D:6      | Reached skill level 5 in Fighting
  7125 | D:6      | Noticed Natasha
  7150 | D:6      | Killed Natasha
  7150 | D:6      | Reached skill level 1 in Evocations
  7252 | D:7      | Reached skill level 1 in Hexes
  7305 | D:7      | Reached skill level 1 in Spellcasting
  7461 | D:7      | Reached skill level 9 in Dodging
  7789 | D:7      | Reached skill level 1 in Charms
  7934 | D:7      | Found a flagged portal.
  7942 | Bailey   | Entered a bailey
  8750 | Bailey   | Gained mutation: You can translocate small distances at will. [potion of beneficial mutation]
  8751 | Bailey   | Gained mutation: Your flesh is heat resistant. [potion of beneficial mutation]
  8833 | D:7      | Got an ancient ring mail
  8843 | D:7      | Identified the +2 ring mail of Sunidgh {Int-5 Acc+4} (You took it off an orc on level 7 of the Dungeon)
  8958 | D:7      | Reached XP level 10. HP: 43/60 MP: 10/14
  9357 | D:7      | Reached skill level 1 in Armour
  9519 | D:7      | Paralysed by a giant eyeball for 4 turns
 10128 | D:8      | Reached skill level 10 in Dodging
 10624 | D:8      | Acquired Okawaru's second power
 11070 | D:9      | Got a pearl-encrusted chain mail
 11085 | D:9      | Identified the cursed -1 chain mail "Peebbovi" {Str-4} (You found it on level 9 of the Dungeon)
 11383 | D:9      | Paralysed by a yellow wasp for 2 turns
 11769 | D:9      | Reached XP level 11. HP: 59/67 MP: 16/16
 12532 | D:9      | Reached skill level 5 in Shields
 12751 | D:10     | Entered Level 10 of the Dungeon
 13348 | D:10     | Reached skill level 11 in Dodging
 13537 | D:10     | Received a gift from Okawaru
 14006 | D:11     | Noticed a hill giant
 14012 | D:11     | Killed a hill giant
 14033 | D:11     | Noticed a manticore
 14055 | D:11     | Killed a manticore
 14340 | D:11     | Noticed a centaur warrior
 14357 | D:11     | Killed a centaur warrior
 14357 | D:11     | Reached skill level 10 in Stealth
 14509 | D:11     | Found a staircase to the Orcish Mines.
 15151 | D:11     | Noticed a hill giant
 15178 | D:11     | Received a gift from Okawaru
 15178 | D:11     | Reached XP level 12. HP: 75/75 MP: 17/17
 15230 | D:11     | Killed a hill giant
 15841 | D:11     | Found a portal to a secret trove of treasure.
 16056 | D:11     | Found a staircase to the Lair.
 16206 | Lair:1   | Entered Level 1 of the Lair of Beasts
 16259 | Lair:1   | Noticed Joseph
 16282 | Lair:1   | Killed Joseph
 16305 | Lair:1   | Reached skill level 12 in Dodging
 16357 | Lair:1   | Found a labyrinth entrance.
 16376 | Lab      | Entered a labyrinth
 16912 | Lab      | Noticed a minotaur
 16925 | Lab      | Killed a minotaur
 17086 | Lab      | Identified a +0 rod of ignition (13/13) (You took it off a minotaur in a labyrinth)
 17118 | Lair:1   | Learned a level 1 spell: Infusion
 17947 | Lair:1   | Received a gift from Okawaru
 17951 | Lair:1   | Got a pair of jewelled boots {god gift}
 17955 | Lair:1   | Identified the -5 pair of boots of Tartarus {Dex+2 Int+2} (Okawaru gifted it to you on level 1 of the Lair of Beasts)
 18494 | Lair:2   | Reached XP level 13. HP: 79/81 MP: 18/18
 18751 | Lair:2   | Noticed a four-headed hydra
 18764 | Lair:2   | Killed a hydra
 18764 | Lair:2   | Reached skill level 10 in Short Blades
 19515 | Lair:3   | Paralysed by a potion of paralysis for 3 turns
 19545 | Lair:3   | Found a frozen archway.
 19671 | IceCv    | Entered an ice cave
 21110 | IceCv    | Reached skill level 13 in Dodging
 21484 | IceCv    | Received a gift from Okawaru
 21940 | IceCv    | Noticed a frost giant
 22031 | IceCv    | Killed a frost giant
 22031 | IceCv    | Reached skill level 10 in Fighting
 22841 | Lair:3   | Found a glowing silver altar of Zin.
 22852 | Lair:3   | Reached XP level 14. HP: 88/88 MP: 19/19
 22929 | Lair:3   | Got a pair of twisted gloves
 22933 | Lair:3   | Identified the cursed +0 pair of gloves "Ravel" {Stlth} (You found it on level 3 of the Lair of Beasts)
 22937 | Lair:3   | Found a staircase to the Shoals.
 23273 | Lair:3   | Gained mutation: Your natural rate of healing is unusually fast. [potion of beneficial mutation]
 23729 | Shoals:1 | Entered Level 1 of the Shoals
 23835 | Lair:3   | Reached skill level 14 in Dodging
 23837 | Lair:3   | Received a gift from Okawaru
 23845 | Lair:3   | Got a pitted ring mail {god gift}
 23855 | Lair:3   | Identified the -3 ring mail of Olud {Dam+2} (Okawaru gifted it to you on level 3 of the Lair of Beasts)
 24075 | Lair:4   | Got an ancient bow
 24076 | Lair:4   | Identified the +3,+5 bow of Zin {flame, +Inv MR++ Dex+2} (You found it on level 4 of the Lair of Beasts)
 25147 | Lair:5   | Found a staircase to the Snake Pit.
 26521 | Lair:6   | Got a faintly humming leather armour
 26529 | Lair:6   | Identified the +3 leather armour of the Other Side {rC+} (You found it on level 6 of the Lair of Beasts)
 26564 | Lair:6   | Found a staircase to the Slime Pits.
 27184 | Lair:6   | Received a gift from Okawaru
 27189 | Lair:6   | Got a distressingly furry helmet {god gift}
 27221 | Lair:6   | Identified the +2 helmet "Gerchosyl" {Dex-4} (Okawaru gifted it to you on level 6 of the Lair of Beasts)
 28429 | Lair:8   | Entered Level 8 of the Lair of Beasts
 28632 | Lair:8   | Reached XP level 15. HP: 32/94 MP: 20/20
 28637 | Lair:8   | Reached skill level 15 in Dodging
 29287 | Lair:8   | Reached skill level 15 in Stealth
 29689 | Lair:8   | Identified a +0 rod of striking (13/13) (You found it on level 8 of the Lair of Beasts)
 29694 | Lair:8   | Found an ancient bone altar of Kikubaaqudgha.
 30015 | Lair:8   | Received a gift from Okawaru
 30049 | Lair:8   | Got a brightly glowing short sword {god gift}
 30050 | Lair:8   | Identified the +4,+9 short sword of Prudence {elec, Dex+3} (Okawaru gifted it to you on level 8 of the Lair of Beasts)
 30729 | Snake:1  | Entered Level 1 of the Snake Pit
 31192 | D:11     | Noticed a six-headed hydra
 31206 | D:11     | Killed a hydra
 32148 | Orc:1    | Entered Level 1 of the Orcish Mines
 32281 | Orc:2    | Noticed Snorg
 32289 | Orc:2    | Killed Snorg
 32289 | Orc:2    | Received a gift from Okawaru
 32368 | Orc:3    | Noticed Psyche
 32381 | Orc:3    | Killed Psyche
 32956 | Orc:2    | Noticed Urug
 32998 | Orc:2    | Killed Urug
 33290 | Orc:1    | Found Itam's General Store.
 33327 | Orc:1    | Found Susas' Armour Boutique.
 33376 | Orc:1    | Found Nuduh's Antique Weapon Emporium.
 33523 | Orc:1    | Found Pairph's General Store.
 33558 | Orc:1    | Bought 2 potions of heal wounds for 72 gold pieces
 33558 | Orc:1    | Bought a potion of heal wounds for 36 gold pieces
 33738 | Orc:4    | Entered Level 4 of the Orcish Mines
 33738 | Orc:4    | Found a staircase to the Elven Halls.
 33740 | Orc:4    | Noticed an orc warlord
 33763 | Orc:4    | Killed an orc warlord
 33763 | Orc:4    | Reached skill level 16 in Stealth
 33987 | Orc:4    | Noticed Fannar
 34007 | Orc:4    | Killed Fannar
 34273 | Orc:4    | Found a bloodstained altar of Trog.
 34537 | D:13     | Noticed Grum
 34560 | D:13     | Killed Grum
 34743 | D:13     | Reached XP level 16. HP: 90/101 MP: 21/21
 34800 | D:13     | Noticed Harold
 34843 | D:13     | Killed Harold
 34843 | D:13     | Received a gift from Okawaru
 34860 | D:13     | Got a pair of heavily runed gloves {god gift}
 34865 | D:13     | Identified the +0 pair of gloves of Failure {rN+ Dam+3 Curse} (Okawaru gifted it to you on level 13 of the Dungeon)
 35521 | D:13     | Identified a -2 rod of destruction (12/12) (You took it off a human on level 13 of the Dungeon)
 35817 | D:13     | Gained mutation: You have a slow metabolism. [potion of beneficial mutation]
 35823 | D:13     | Found a gate to the Vaults.
 35952 | D:13     | Reached skill level 10 in Shields
 36476 | D:13     | Reached skill level 17 in Stealth
 36531 | D:14     | Noticed Josephine
 36558 | D:14     | Killed Josephine
 36769 | D:14     | Received a gift from Okawaru
 36772 | D:14     | Got a warped short sword {god gift}
 36773 | D:14     | Identified the +2,+8 short sword of Floods {freeze, +Blink rC+ Int+3 SInv} (Okawaru gifted it to you on level 14 of the Dungeon)
 37682 | D:15     | Entered Level 15 of the Dungeon
 37756 | D:15     | Found a staircase to the Depths.
 37765 | D:15     | Reached skill level 18 in Stealth
 37841 | Depths:1 | Entered Level 1 of the Depths
 38552 | Shoals:1 | Reached XP level 17. HP: 108/108 MP: 22/22
 38723 | Shoals:1 | Received a gift from Okawaru
 40403 | Shoals:3 | Got a wavering granite ring
 40404 | Shoals:3 | Identified the ring "Moagoif" {+Fly rF+ rC+ Stlth--} (You found it on level 3 of the Shoals)
 41095 | Shoals:3 | Received a gift from Okawaru
 41102 | Shoals:3 | Identified a +0 cloak of preservation (Okawaru gifted it to you on level 3 of the Shoals)
 42260 | Shoals:4 | Reached skill level 19 in Stealth
 42725 | Shoals:5 | Entered Level 5 of the Shoals
 42807 | Shoals:4 | Reached skill level 15 in Short Blades
 43379 | Shoals:5 | Reached XP level 18. HP: 115/115 MP: 23/23
 43381 | Shoals:5 | Received a gift from Okawaru
 43388 | Shoals:5 | Noticed Ilsuiw
 43839 | Orc:4    | Found Qiawemm's Distillery.
 43839 | Orc:4    | Found Thropuv's Jewellery Boutique.
 43839 | Orc:4    | Found Zety's Weapon Boutique.
 43839 | Orc:4    | Found Khum's Magic Scroll Shop.
 44781 | Orc:4    | Bought a potion of heal wounds for 39 gold pieces
 44781 | Orc:4    | Bought a potion of heal wounds for 39 gold pieces
 44781 | Orc:4    | Bought 2 potions of heal wounds for 78 gold pieces
 44895 | Elf:1    | Entered Level 1 of the Elven Halls
 44915 | Elf:1    | Noticed an Ice Fiend
 44923 | Elf:1    | Cast into the Abyss (deep elf demonologist)
 45255 | Abyss:1  | Gained mutation: [You occasionally shout uncontrollably.] [a neqoxec]
 45273 | Abyss:1  | Received a gift from Okawaru
 45355 | Abyss:1  | HP: 4/116 [daeva/blessed scimitar of holy wrath (25)]
 45458 | Abyss:1  | HP: 2/92 [starcursed mass/accursed screaming (12)]
 45466 | Abyss:1  | HP: 3/92 [starcursed mass/accursed screaming (6)]
 45468 | Abyss:1  | Killed from afar by a starcursed mass

Action                   |  1- 3 |  4- 6 |  7- 9 | 10-12 | 13-15 | 16-18 || total
-------------------------+-------+-------+-------+-------+-------+-------++-------
Melee: Dagger            |   106 |    86 |       |    32 |       |       ||   224
       Cutlass           |       |    36 |   749 |  1306 |  2397 |       ||  4488
       Short sword       |       |       |       |   371 |   847 |  2041 ||  3259
       Scimitar          |       |       |       |    42 |       |       ||    42
 Fire: Blowgun           |       |    23 |    87 |   105 |       |       ||   215
 Cast: Corona            |       |       |     7 |       |       |       ||     7
       Ensorcelled Hiber |       |       |     5 |       |     3 |       ||     8
       Sure Blade        |       |       |     3 |     1 |       |       ||     4
Invok: Heroism           |       |       |    14 |    12 |    15 |    17 ||    58
       Finesse           |       |       |       |       |     1 |       ||     1
 Abil: Evoke Berserk Rag |       |       |       |     1 |     1 |       ||     2
       Evoke Flight      |       |       |       |       |     2 |    21 ||    23
Evoke: Wand              |     1 |     1 |    15 |     6 |     3 |     8 ||    34
  Use: Potion            |       |     9 |    11 |     4 |    14 |    19 ||    57
       Scroll            |       |       |    12 |    11 |     4 |    19 ||    46
 Stab: Sleeping          |     6 |     8 |    22 |    47 |    90 |    60 ||   233
       Distracted        |       |       |     4 |     3 |    13 |    17 ||    37
       Fleeing           |       |       |       |       |     1 |       ||     1
       Invisible         |       |       |       |       |    11 |       ||    11
       Held in net/web   |       |       |       |       |       |     1 ||     1
